 Dungeon Crawl Stone Soup version 0.28-a0-1518-gbe868bca14 (webtiles) character file.

Game seed: 887091959544442472

2274 wilfster70 the Spear-Bearer (level 9, -4/57 HPs)
             Began as a Merfolk Summoner on Jan 17, 2022.
             Slain by a two-headed ogre (25 damage)
             ... on level 6 of the Dungeon.
             The game lasted 00:27:50 (6136 turns).

wilfster70 the Spear-Bearer (Merfolk Summoner)      Turns: 6136, Time: 00:27:51

Health: -4/57      AC:  5    Str:  8    XL:     9   Next: 39%
Magic:  15/15      EV: 12    Int: 24    God:
Gold:   77         SH:  0    Dex: 15    Spells: 4/16 levels left

rFire   . . .      SeeInvis .   a - +0 trident (freeze)
rCold   . . .      Faith    .   (no shield)
rNeg    + . .      Spirit   .   x - +0 steam dragon scales
rPois   .          Reflect  .   (no helmet)
rElec   .          Harm     .   (no cloak)
rCorr   .          Rampage  .   (no gloves)
Will    .....                   (no boots)
Stlth   ++........              n - amulet of regeneration
HPRegen 0.99/turn               e - ring of positive energy
MPRegen 0.14/turn               f - +6 ring of intelligence

@: about to teleport
A: (nimble swimmer 2), mertail
a: no special abilities


You were on level 6 of the Dungeon.
You visited 1 branch of the dungeon, and saw 6 of its levels.

You collected 175 gold pieces.
You spent 98 gold pieces at shops.

Inventory:

Hand Weapons
 a - a +0 trident of freezing (weapon)
Missiles
 c - 156 stones
 i - 2 datura-tipped darts
 k - 5 poisoned darts
Armour
 x - +0 steam dragon scales (worn)
Jewellery
 e - a ring of positive energy (left hand)
 f - a +6 ring of intelligence (right hand)
 n - an amulet of regeneration (around neck)
Wands
 q - a wand of charming (14)
 r - a wand of digging (3)
 s - a wand of mindburst (18)
Scrolls
 o - a scroll of fear
 w - a scroll of brand weapon
Potions
 b - 3 potions of haste
 g - a potion of flight {unknown}
 h - a potion of berserk rage
 j - a potion of heal wounds {unknown}
 m - a potion of mutation {unknown}
 p - a potion of curing {unknown}
 t - a potion of lignification {unknown}


   Skills:
 + Level 8.1 Polearms
 - Level 2.6 Dodging
 - Level 2.1 Stealth
 - Level 4.1 Spellcasting
 - Level 5.0 Hexes
 - Level 6.0 Summonings
 - Level 6.0 Air Magic


You had 4 spell levels left.
You knew the following spells:

 Your Spells              Type           Power      Damage    Failure   Level
b - Call Imp              Summ           33%        N/A       1%          2
c - Call Canine Familiar  Summ           33%        N/A       2%          3
d - Summon Guardian Gole  Hex/Summ       31%        N/A       3%          3
e - Summon Lightning Spi  Summ/Air       33%        N/A       9%          4

Your spell library contained the following spells:

 Spells                   Type           Power      Damage    Failure   Level
 Summon Small Mammal      Summ           100%       N/A       1%          1
 Magic Dart               Conj           16%        1d3       10%         1
 Mephitic Cloud           Conj/Pois/Air  14%        N/A       13%         3
 Searing Ray              Conj           8%         2d4       14%         2
 Fulminant Prism          Conj/Hex       8%         3d7       34%         4


Dungeon Overview and Level Annotations

Branches:
Dungeon (6/15)
 Temple: D:4-7

Altars:
Nemelex Xobeh
Ru
Trog
Yredelemnul
The Shining One

Shops:
D:4 ?

Annotations:
D:5 Eustachio


Innate Abilities, Weirdness & Mutations

((You are very nimble when in or above water. (Stealth+, EV+, Speed+++)))
Your lower body shifts to a powerful aquatic tail in water.


Message History

You reach to attack!
You catch the helpless Maggie completely off-guard!
You hit Maggie. You freeze Maggie.
Maggie is almost dead.
Maggie points at you and mumbles some strange words.
The bolt of fire hits your lightning spire.
Your lightning spire resists.
The bolt of fire hits you!!
You reach to attack!
You hit Maggie. You freeze Maggie.
You break out of your daze!
You kill Maggie!
Your Polearms skill gained 2 levels and is now at level 8!
q - a wand of charming (14) (gained 7 charges)
Things that are here:
a +0 war axe of flaming; +0 steam dragon scales; the human corpse of Maggie x - +0 steam dragon scales You start removing your armour.
You continue taking off your +1 robe. x3
Your lightning spire disappears in a puff of smoke!
You continue taking off your +1 robe.
You finish taking off your +1 robe.
You start putting on your armour.
You continue putting on your +0 steam dragon scales. x5
You finish putting on your +0 steam dragon scales.
You drop a +1 robe.
As you read the scroll labelled YBIUTAR GELOLOUTZA, it crumbles to dust.
The scroll dissolves into smoke.
It was a scroll of fog.
As you read the scroll labelled BASSUF EGRIHAR, it crumbles to dust.
You hear a loud clanging noise!
It was a scroll of noise.
You hear two shouts!
You hear an angry hiss.
A two-headed ogre comes into view. It is wielding two +0 giant clubs.
The two-headed ogre shouts in stereo!
The two-headed ogre moves out of view.
Found 16 gold pieces.
The two-headed ogre hits you with a +0 giant club!
The two-headed ogre hits you with a +0 giant club!!
As you read the scroll of teleportation, it crumbles to dust.
You feel strangely unstable. The two-headed ogre closely misses you.
The two-headed ogre hits you with a +0 giant club!!
You die...

################
...............#
...............+
$......O@......#
.....##.......##
#########.......##.
##..................
#.......##.......##.
#........#########
########.#
#...§§§§.#
#...§§§§§#


You could see a two-headed ogre.

Vanquished Creatures
  Maggie (D:6)
  A sky beast (D:6)
  A necrophage (D:5)
  A phantom (D:4)
  A scorpion (D:5)
  A hound (D:6)
  A centaur skeleton (D:5)
  An iguana (D:5)
  A hound skeleton (D:4)
  An ufetubus (D:5)
  4 orcs (D:4)
  4 bats
  An endoplasm (D:1)
  2 giant cockroaches
  2 goblins
  A hobgoblin (D:4)
  A jackal (D:2)
  A kobold (D:4)
  A quokka (D:4)
  3 ball pythons
  3 frilled lizards
  A rat (D:1)
34 creatures vanquished.

Vanquished Creatures (collateral kills)
  An ice beast (D:5)
  An ogre (D:6)
  3 scorpions (D:5)
  A hound (D:4)
  An orc priest (D:4)
  2 jellies
  An iguana (D:5)
  Ijyb (D:5)
  3 gnolls (D:4)
  5 adders
  3 worms
  A dart slug (D:2)
  An orc (D:6)
  4 endoplasms
  A giant cockroach (D:4)
  4 goblins
  4 hobgoblins
  9 jackals
  3 quokkas
  2 ball pythons
  A bat (D:1)
  7 kobolds
  2 rats
61 creatures vanquished.

Vanquished Creatures (others)
  5 yaks (D:5)
  An ice beast (D:5)
  A centaur (D:5)
  An iguana (D:5)
  7 fungi (D:2)
  7 plants (D:2)
22 creatures vanquished.

Grand Total: 117 creatures vanquished

Notes
Turn   | Place    | Note
-------+----------+-------------------------------------------
     0 | D:1      | wilfster70 the Merfolk Summoner began the quest for the
                  | Orb.
     0 | D:1      | Reached XP level 1. HP: 13/13 MP: 3/3
   438 | D:1      | Reached XP level 2. HP: 19/19 MP: 3/5
   441 | D:1      | Learned a level 2 spell: Call Imp
  1058 | D:2      | Reached skill level 1 in Polearms
  1058 | D:2      | Reached XP level 3. HP: 24/24 MP: 0/6
  1062 | D:2      | Learned a level 3 spell: Call Canine Familiar
  1241 | D:2      | Found a sacrificial altar of Ru.
  1277 | D:2      | Found a faded altar of an unknown god.
  1730 | D:2      | Reached skill level 2 in Polearms
  1801 | D:2      | Reached skill level 5 in Summonings
  1801 | D:2      | Reached XP level 4. HP: 30/30 MP: 7/7
  2633 | D:4      | Reached XP level 5. HP: 35/35 MP: 5/9
  3279 | D:4      | Reached XP level 6. HP: 41/41 MP: 10/12
  3283 | D:4      | Learned a level 3 spell: Summon Guardian Golem
  3288 | D:4      | Learned a level 4 spell: Summon Lightning Spire
  3298 | D:4      | Found Suamek's Magic Scroll Shop.
  3316 | D:4      | Bought a scroll of fear for 49 gold pieces
  3316 | D:4      | Bought a scroll of amnesia for 49 gold pieces
  3503 | D:5      | Entered Level 5 of the Dungeon
  3755 | D:4      | Reached skill level 3 in Polearms
  3755 | D:4      | Reached skill level 1 in Hexes
  4052 | D:5      | Reached skill level 4 in Polearms
  4133 | D:5      | Noticed a necrophage
  4195 | D:5      | Killed a necrophage
  4196 | D:5      | Reached XP level 7. HP: 46/46 MP: 9/13
  4251 | D:5      | HP: 2/46 [iguana (9)]
  4376 | D:5      | Noticed a yak
  4396 | D:5      | Noticed a yak
  4397 | D:5      | Noticed a yak
  4397 | D:5      | Noticed a yak
  4398 | D:5      | Noticed a yak
  4422 | D:5      | Killed a yak
  4423 | D:5      | Reached skill level 5 in Polearms
  4442 | D:5      | Killed a yak
  4443 | D:5      | Reached skill level 6 in Polearms
  4443 | D:5      | Reached skill level 5 in Hexes
  4443 | D:5      | Reached skill level 1 in Air Magic
  4443 | D:5      | Reached XP level 8. HP: 52/52 MP: 12/14
  4463 | D:5      | Killed a yak
  4469 | D:5      | Killed a yak
  4483 | D:5      | Killed a yak
  4704 | D:5      | Found a glowing golden altar of the Shining One.
  4734 | D:5      | HP: 1/52 [poisoned by a scorpion]
  4739 | D:5      | HP: 1/52 [poisoned by a scorpion]
  4900 | D:5      | Noticed Eustachio
  4980 | D:5      | Found a bloodstained altar of Trog.
  4980 | D:5      | Found a sparkling altar of Nemelex Xobeh.
  4980 | D:5      | Found a basalt altar of Yredelemnul.
  5022 | D:6      | Reached skill level 5 in Air Magic
  5203 | D:5      | Noticed Ijyb
  5241 | D:5      | Killed Ijyb
  5391 | D:5      | Reached XP level 9. HP: 24/57 MP: 10/15
  6079 | D:6      | Noticed Maggie
  6094 | D:6      | Killed Maggie
  6095 | D:6      | Reached skill level 8 in Polearms
  6131 | D:6      | Noticed a two-headed ogre
  6136 | D:6      | Slain by a two-headed ogre

Illustrated notes

Levels and vault maps discovered:
D:1:      scummos_arrival_hexagon, layout_loops_cross, minmay_misc_feat_room
D:2:      layout_rooms, basic_altar, serial_forest, infiniplex_forest_zigzag_2,
          infiniplex_forest_lined_4_way, infiniplex_forest_corner_2,
          infiniplex_forest_clump_diagonal, dreamdust_ecumenical_altar_grove
D:3:      layout_basic
D:4:      layout_loops_ring, serial_shops, nicolae_shop_trees
D:5:      layout_basic, lemuel_crystal_altar, gammafunk_temple_overflow_claw,
          small_statue_intersection, uniq_eustachio, uniq_ijyb
D:6:      cheibrodos_steamvent, layout_gridville, st_stairs_4, uniq_maggie

Skill      XL: |  1  2  3  4  5  6  7  8  9 |
---------------+----------------------------+-----
Polearms       | 1 2 4 6 8 |  8.1
Summonings     | 5 6 |  6.0
Spellcasting   | 4 |  4.1
Hexes          | 3 5 |  5.0
Air Magic      | 1 5 6 |  6.0
Dodging        | |  2.6
Stealth        | |  2.1

Action                   |  1- 3 |  4- 6 |  7- 9 || total
-------------------------+-------+-------+-------++-------
Melee: Dagger            |     4 |       |       ||     4
       Spear             |    54 |    11 |       ||    65
       Punch             |     1 |       |     2 ||     3
       Trident           |       |    58 |    66 ||   124
Throw: Stone             |       |       |     1 ||     1
 Cast: Summon Small Mamm |    21 |       |       ||    21
       Call Imp          |    11 |    15 |     3 ||    29
       Call Canine Famil |     2 |    15 |    11 ||    28
       Summon Guardian G |       |     2 |    15 ||    17
       Summon Lightning  |       |       |     5 ||     5
  Use: Scroll            |     6 |     3 |     5 ||    14
       Potion            |       |       |     1 ||     1
 Stab: Sleeping          |     5 |       |       ||     5
       Distracted        |       |     2 |     3 ||     5
Armor: Robe              |    13 |    14 |    14 ||    41
Dodge: Dodged            |    59 |    60 |    56 ||   175

Table legend: (Time is in decaauts)
 A = Elapsed time spent in this place.
 B = Non-inter-level travel time spent in this place.
 C = Inter-level travel time spent in this place.
 D = Time resting spent in this place.
 E = Time spent auto-exploring this place.
 F = Levels seen in this place.
 G = Mean time per level.
                   A        B        C        D        E       F      G
               +--------+--------+--------+--------+--------+-----+--------+
         Total |   6170 |   5983 |    187 |   1056 |   2338 |   6 | 1028.3 |
       Dungeon |   6170 |   5983 |    187 |   1056 |   2338 |   6 | 1028.3 |
               +--------+--------+--------+--------+--------+-----+--------+

Top non-repeatable levels by time:
     D:4: 1527 daAuts
     D:5: 1442 daAuts
     D:1: 1025 daAuts
     D:2: 874 daAuts
     D:3: 660 daAuts
     D:6: 641 daAuts
